AoeStats
← Banzé

MegaRandom

509028162Analyzed
2v2 RM · 6d ago on Sep 25, 2026· 53m 10s· 4 players
Game mode
Random Map
Map size
Medium (4 player)
Population
200
Speed
Normal
Resources
Standard
Victory
Conquest
Starting age
Dark Age
Ending age
Imperial Age
RankedLock teamsTeams togetherTeam positionsShared explorationLock speedFull tech treeHidden civsTurbo modeCheats
Victory
Defeat
🇧🇷 Mongols · Brazil
1064
+14
🇧🇷 Saracens · Brazil
1032
+16
🇦🇷 Italians · Argentina
1026
-15
🇦🇷 Turks · Argentina
1026
-15
martoons90
13:36 Feudal Age
12:34 Loom
18:06 Castle Age
22:16 Fletching
26:21 Bodkin Arrow
26:51 Double-Bit Axe
30:01 Padded Archer Armor
36:37 Leather Archer Armor
45:55 Imperial Age
44:39 Bow Saw
44:53 Thumb Ring
45:32 Redemption
46:35 Ballistics
46:56 Block Printing
46:48 Bracer
48:52 Elite Skirmisher
Black Douglas
5:28 Loom
12:06 Feudal Age
16:08 Castle Age
19:58 Fletching
20:08 Padded Archer Armor
27:09 Leather Archer Armor
27:34 Ballistics
29:54 Thumb Ring
31:06 Bodkin Arrow
32:44 Bloodlines
33:32 Husbandry
39:07 Scale Barding Armor
39:13 Forging
40:26 Chain Barding Armor
41:17 Iron Casting
Banzé
7:23 Loom
9:46 Feudal Age
13:23 Double-Bit Axe
17:22 Forging
18:40 Wheelbarrow
23:50 Castle Age
23:02 Bloodlines
22:59 Scale Barding Armor
27:16 Chain Barding Armor
31:53 Bow Saw
31:33 Horse Collar
36:42 Husbandry
40:57 Gold Mining
43:31 Gold Shaft Mining
44:50 Iron Casting
50:18 Imperial Age
50:46 Cavalier
51:01 Onager
52:47 Drill
52:48 Conscription
54:44 Blast Furnace
Sadoc
6:09 Loom
11:41 Feudal Age
12:23 Double-Bit Axe
22:30 Castle Age
21:16 Fletching
22:19 Padded Archer Armor
23:32 Bodkin Arrow
23:18 Crossbowman
25:55 Thumb Ring
29:37 Bow Saw
29:08 Horse Collar
32:29 Wheelbarrow
35:59 Heavy Plow
36:40 Leather Archer Armor
38:59 Hand Cart
38:30 Town Watch
41:34 Imperial Age
41:40 Arbalester
42:21 Bracer
43:28 Ring Archer Armor
43:08 Forging
45:20 Town Patrol
46:18 Ballistics
46:59 Chemistry
Connection lost

Rejoining the realm…

Still unreachable

The connection could not be restored.

Session expired

The server has moved on; the page needs a fresh start.